 Dungeon Crawl Stone Soup version 0.30-a0-585-g93115170b9 (webtiles) character file.

Game seed: 16141100590417591408

9181 sanka the Nimble (level 11, -4/94 HPs)
             Began as a Demigod Earth Elementalist on Jan 2, 2023.
             Slain by a death yak (11 damage)
             ... on level 10 of the Dungeon.
             The game lasted 00:14:12 (9876 turns).

sanka the Nimble (Demigod Earth Elementalist)       Turns: 9876, Time: 00:14:13

Health: -4/94      AC: 11    Str: 13    XL:     11   Next: 0%
Magic:  13/20      EV: 16    Int: 29    God:
Gold:   632        SH:  0    Dex: 20    Spells: 11/17 levels left

rFire   . . .      SeeInvis +    a - staff of earth
rCold   . . .      Faith    .    (no shield)
rNeg    . . .      Spirit   .    q - +3 ring mail of Repulsion {Str+4}
rPois   .          Reflect  .    m - +0 helmet
rElec   .          Harm     .    I - +0 cloak
rCorr   .          Rampage  .    (no gloves)
Will    +....                    H - +0 pair of boots
Stlth   ++                       N - amulet of magic regeneration
HPRegen 0.35/turn                B - ring of see invisible
MPRegen 0.57/turn                c - +6 ring of dexterity

@: no status effects
A: high MP 1, forlorn, divine attributes
a: no special abilities


You were on level 10 of the Dungeon.
You visited 1 branch of the dungeon, and saw 11 of its levels.

You collected 632 gold pieces.


Innate Abilities, Weirdness & Mutations

You have an increased reservoir of magic. (+10% MP)
You shall have no god before yourself.
Your divine heritage dramatically boosts your attributes as you level up.


   Skills:
 - Level 8.0 Fighting
 - Level 10.0 Dodging
 - Level 1.7 Stealth
 + Level 3.8 Spellcasting
 - Level 4.0 Conjurations
 - Level 0.8 Transmutations
 + Level 8.8 Earth Magic


You had 11 spell levels left.
You knew the following spells:

 Your Spells              Type           Power      Damage    Failure   Level
x - Stone Arrow           Conj/Erth      100%       3d13      3%          3
z - Sandblast             Erth           100%       2d20      1%          1
N - Passwall              Tmut/Erth      41%        N/A       3%          2

Your spell library contained the following spells:

 Spells                   Type           Power      Damage    Failure   Level
 Beastly Appendage        Tmut           20%        N/A       11%         1
 Momentum Strike          Conj/Tloc      34%        3d8       11%         2
 Apportation              Tloc           10%        N/A       16%         1
 Necrotise                Necr           20%        1d5       16%         1
 Summon Small Mammal      Summ           20%        N/A       16%         1
 Wereblood                Tmut           10%        N/A       17%         2
 Petrify                  Tmut/Erth      50%        N/A       22%         4
 Blink                    Tloc           10%        N/A       24%         2
 Ensorcelled Hibernation  Hex/Ice        10%        N/A       24%         2
 Spider Form              Tmut/Pois      8%         N/A       36%         3
 Lesser Beckoning         Tloc           10%        N/A       43%         3
 Swiftness                Air            5%         N/A       43%         3
 Alistair's Intoxication  Tmut/Pois      5%         N/A       98%         5
 Summon Forest            Summ/Tloc      2%         N/A       99%         5
 Summon Mana Viper        Hex/Summ       5%         N/A       99%         5
 Eringya's Noxious Bog    Tmut/Pois      4%         N/A       100%        6
 Summon Cactus Giant      Summ           2%         N/A       100%        6
 Summon Hydra             Summ           2%         N/A       100%        7

Inventory:

Hand Weapons
 z - a +2 flail of draining
 O - the +9 spear of Chagrin {venom, rElec rN+}

   It poisons the flesh of those it strikes.
   rElec:     It insulates you from electricity.
   rN:        It protects you from negative energy.
Missiles
 P - 4 curare-tipped darts {=f}
Armour
 m - a +0 helmet (worn)
 q - the +3 ring mail of Repulsion (worn) {Str+4}

   Str:       It affects your strength (+4).
 D - a +0 robe
 H - a +0 pair of boots (worn)
 I - a +0 cloak (worn)
Magical Staves
 a - a staff of earth (weapon)
Jewellery
 c - a +6 ring of dexterity (right hand)
 r - a ring of fire
 B - a ring of see invisible (left hand)
 N - an amulet of magic regeneration (around neck)
Wands
 i - a wand of light (3)
 w - a wand of polymorph (11)
 y - a wand of paralysis (11)
 C - a wand of flame (9)
 F - a wand of digging (5)
Scrolls
 g - 2 scrolls of enchant weapon
 j - a scroll of fog
 p - 3 scrolls of magic mapping
 t - 2 scrolls of fear
 u - a scroll of brand weapon {unknown}
 v - 2 scrolls of amnesia
 x - 2 scrolls of poison {!r}
 A - 2 scrolls of noise {!r}
 E - a scroll of blinking
 J - 2 scrolls of immolation {!r}
 K - a scroll of silence {unknown}
 L - a scroll of enchant armour
 S - a scroll of vulnerability {!r}
 T - 2 scrolls of summoning
 U - a scroll of teleportation {unknown}
Potions
 b - 2 potions of magic
 d - 5 potions of flight {unknown}
 e - 4 potions of brilliance {unknown}
 f - a potion of resistance {unknown}
 h - a potion of ambrosia {unknown}
 k - 3 potions of cancellation {unknown}
 l - 6 potions of berserk rage {unknown}
 n - 4 potions of curing {@q1}
 o - 5 potions of haste {unknown}
 s - 3 potions of heal wounds {unknown}
 G - 2 potions of mutation {unknown}
 M - a potion of experience {unknown}
 Q - a potion of might {unknown}
 R - a potion of lignification {unknown}

Dungeon Overview and Level Annotations

Branches:
Dungeon (11/15)            Temple (0/1) D:7             Orc (0/2) D:10
   Lair: D:8-11

Shops:
D:1 [   D:6 (   D:7 [[:(

≈≈▒▒.P▒PP▒P.▒.▒▒........▒ ▒.▒
≈▒▒....P..PP..▒▒........▒▒ ▒.▒▒
▒▒....▒▒▒▒▒▒..▒▒.........▒ ▒..▒
.......▒ ▒▒.▒▒.........▒ ▒▒.▒▒
.......▒▒ ▒............▒▒▒...▒▒
........▒ ▒▒...........▒▒..▒...
........▒▒ ▒...........▒..▒▒▒▒.
.........▒ ▒...Y.........▒▒ ▒▒
.........▒▒ ▒▒.p.....[..▒▒▒▒▒▒▒▒
..........▒ ▒..........▒▒......
........▒▒▒ ▒.........▒▒▒......
......▒▒▒ ▒▒........▒ ▒......
...▒▒▒▒ ▒▒▒▒▒........▒▒▒......
▒▒▒▒ ▒▒▒▒.▒...▒▒..............
...▒▒▒▒▒▒.......▒▒▒...▒▒▒▒▒......
................▒▒▒...▒ ▒......
▒▒▒▒▒............▒▒▒..▒ ▒......


You could see a death yak.


Message History

The death yak gores you!
* * * LOW HITPOINT WARNING * * *
The death yak attacks as you move away!
The death yak gores you but does no damage.
The orc wizard casts a spell at you.
The orc wizard appears confused.
There is a stone staircase leading up here.
The orc wizard closely misses you.
You climb upwards.
There is a stone staircase leading down here.
Unknown command.
The death yak gores you.
* * * LOW HITPOINT WARNING * * *
Aiming: Stone Arrow (mildly dangerous; 3% risk of failure)
Aim: a death yak (92% to hit)
The stone arrow hits the death yak!!
The death yak is moderately wounded.
The death yak barely misses you.
Aiming: Stone Arrow (mildly dangerous; 3% risk of failure)
Aim: a death yak (moderately wounded, 92% to hit)
The stone arrow hits the death yak!!
The death yak is severely wounded.
The death yak gores you!
* * * LOW HITPOINT WARNING * * *
Aiming: Stone Arrow (mildly dangerous; 3% risk of failure)
Aim: a death yak (severely wounded, 92% to hit)
The stone arrow hits the death yak!!
The death yak is almost dead.
The death yak gores you!
You die...

Action                   |  1- 3 |  4- 6 |  7- 9 | 10-12 || total
-------------------------+-------+-------+-------+-------++-------
Melee: Unarmed           |    13 |       |       |       ||    13
 Cast: Sandblast         |    80 |    70 |   139 |   129 ||   418
       Stone Arrow       |       |       |     3 |     6 ||     9
  Use: Potion            |       |       |     5 |     1 ||     6
       Scroll            |       |       |    10 |     2 ||    12
Armor: Robe              |     8 |     2 |       |       ||    10
       Ring mail         |       |    28 |    42 |    29 ||    99
Dodge: Dodged            |    41 |    31 |    59 |   101 ||   232

Levels and vault maps discovered:
D:1:      mrwooster_arrival_statue, layout_loops_corners, serial_shops, shop,
          st_stairs_8, grunt_decor_mini_mirrors
D:2:      layout_basic, uniq_robin
D:3:      layout_loops_ring, hangedman_decor_clover_reticule
D:4:      layout_loops_corners, mainiacjoe_overflow_cross_hatched,
          mainiacjoe_overflow_catwalk, hex_large
D:5:      layout_rooms, fiery_altar_vehumet, mainiacjoe_overflow_chevrons
D:6:      layout_rooms, serial_shops, shop_fountains, uniq_eustachio,
          uniq_crazy_yiuf_cottage
D:7:      layout_loops_cross, general_overflow_altar, minmay_temple_entry_grid,
          grunt_ministairs_9, minmay_shop_grid_forest
D:8:      layout_basic, kennysheep_mini, roderic_lattice_a
D:9:      layout_loops_cross, minitemple, lemuel_round_altar,
          mainiacjoe_overflow_tiny_flanked, uniq_psyche
D:10:     layout_cave_pods, nicolae_elyvilon_temple_path, david_orc_3
D:11:     layout_basic, dpeg_lair_monsters, lemuel_flamethrower_1, uniq_fannar,
          uniq_urug, uniq_lodul

Notes
Turn   | Place    | Note
-------+----------+-------------------------------------------
     0 | D:1      | sanka the Demigod Earth Elementalist began the quest for
                  | the Orb.
     0 | D:1      | Reached XP level 1. HP: 14/14 MP: 5/5
    62 | D:1      | Reached skill level 2 in Spellcasting
    95 | D:1      | Reached skill level 3 in Earth Magic
   271 | D:1      | Reached XP level 2. HP: 20/20 MP: 5/7
   369 | D:1      | Found Pascheh Ysecw's Antique Armour Emporium.
  1024 | D:1      | Reached XP level 3. HP: 26/26 MP: 3/8
  1329 | D:2      | Noticed Robin
  1352 | D:2      | Killed Robin
  1353 | D:2      | Reached skill level 4 in Earth Magic
  2265 | D:3      | Reached XP level 4. HP: 33/33 MP: 5/9
  2485 | D:3      | Identified the +3 ring mail of Repulsion {Str+4}
  2833 | D:3      | Learned a level 2 spell: Passwall
  2837 | D:3      | Learned a level 3 spell: Stone Arrow
  3599 | D:4      | Reached skill level 5 in Earth Magic
  3631 | D:4      | Reached XP level 5. HP: 17/38 MP: 4/10
  3902 | D:4      | Noticed a water moccasin
  3908 | D:4      | Killed a water moccasin
  3909 | D:4      | Reached skill level 6 in Earth Magic
  3909 | D:4      | Reached XP level 6. HP: 45/45 MP: 7/11
  4241 | D:5      | Entered Level 5 of the Dungeon
  4328 | D:5      | Reached skill level 7 in Earth Magic
  4432 | D:5      | Reached XP level 7. HP: 10/50 MP: 5/13
  4433 | D:5      | HP: 3/50 [orc priest/+0 hand axe (3)]
  4434 | D:5      | HP: 1/50 [poisoned by a scorpion]
  4445 | D:5      | Reached skill level 8 in Earth Magic
  4447 | D:5      | Reached skill level 2 in Fighting
  4885 | D:5      | Reached skill level 3 in Fighting
  4885 | D:5      | Reached skill level 1 in Conjurations
  4950 | D:6      | Reached skill level 2 in Conjurations
  5012 | D:6      | Reached skill level 3 in Conjurations
  5012 | D:6      | Reached XP level 8. HP: 63/63 MP: 9/14
  5097 | D:6      | Found Jasku's Weapon Boutique.
  5104 | D:6      | Reached skill level 4 in Conjurations
  5104 | D:6      | Reached skill level 2 in Dodging
  5148 | D:6      | Noticed Eustachio
  5183 | D:6      | Killed Eustachio
  5184 | D:6      | Reached skill level 3 in Dodging
  5347 | D:6      | Found a runed translucent door.
  5348 | D:6      | Noticed Crazy Yiuf
  5592 | D:6      | Killed Crazy Yiuf
  5701 | D:7      | Reached skill level 4 in Dodging
  5735 | D:7      | Reached skill level 5 in Dodging
  5752 | D:7      | Found a staircase to the Ecumenical Temple.
  5805 | D:7      | Found Cotitz's Antique Weapon Boutique.
  5809 | D:7      | Found Nuaro's Armour Boutique.
  5809 | D:7      | Found Putampil's Book Boutique.
  5809 | D:7      | Found Ytuass's Armour Boutique.
  5935 | D:7      | Reached skill level 6 in Dodging
  6157 | D:7      | Identified the +9 spear of Chagrin {venom, rElec rN+}
  6318 | D:7      | Reached XP level 9. HP: 58/69 MP: 13/15
  6606 | D:8      | Reached skill level 7 in Dodging
  6739 | D:8      | Reached skill level 8 in Dodging
  6836 | D:8      | Noticed a two-headed ogre
  6841 | D:8      | Killed a two-headed ogre
  6842 | D:8      | Reached skill level 9 in Dodging
  6978 | D:8      | Paralysed by a hornet for 3 turns
  6981 | D:8      | Paralysed by a hornet for 3 turns
  7461 | D:8      | Reached skill level 10 in Dodging
  7568 | D:9      | Noticed Psyche
  7571 | D:9      | Killed Psyche
  7572 | D:9      | Reached skill level 4 in Fighting
  7572 | D:9      | Reached XP level 10. HP: 72/78 MP: 14/16
  7805 | D:9      | Reached skill level 5 in Fighting
  8239 | D:9      | Reached skill level 6 in Fighting
  8406 | D:10     | Entered Level 10 of the Dungeon
  8769 | D:10     | Reached skill level 7 in Fighting
  8823 | D:10     | Found a staircase to the Orcish Mines.
  8965 | D:10     | Reached skill level 8 in Fighting
  9538 | D:11     | Noticed a two-headed ogre
  9558 | D:11     | Killed a two-headed ogre
  9559 | D:11     | Reached skill level 3 in Spellcasting
  9809 | D:11     | Noticed a death yak
  9828 | D:11     | Noticed a death yak
  9852 | D:11     | Noticed a death yak
  9853 | D:11     | Killed a death yak
  9853 | D:11     | Noticed a death yak
  9854 | D:11     | Reached XP level 11. HP: 94/94 MP: 15/20
  9854 | D:11     | Noticed a death yak
  9856 | D:11     | Noticed a death yak
  9875 | D:10     | HP: 7/94 [death yak (10)]
  9876 | D:10     | Slain by a death yak

Vanquished Creatures
  A death yak (D:11)
  2 two-headed ogres
  Psyche (D:9)
  A hornet (D:8)
  A vampire (D:10)
  A wyvern (D:9)
  Eustachio (D:6)
  10 yaks
  A warg (D:10)
  An acid dragon (D:9)
  7 water moccasins
  2 ice beasts
  4 sky beasts
  2 black bears
  3 orc warriors
  An ogre (D:6)
  6 centaurs
  A phantom (D:5)
  A kobold brigand (D:9)
  5 bullfrogs
  A gnoll sergeant (D:8)
  2 scorpions
  5 wights (D:7)
  19 killer bees
  A gnoll bouda (D:4)
  2 hounds (D:4)
  6 orc priests
  Crazy Yiuf (D:6)
  A jelly (D:6)
  2 iguanas (D:4)
  7 orc wizards
  Robin (D:2)
  11 gnolls
  8 adders
  A shadow imp (D:5)
  A white imp (D:7)
  3 ufetubi
  2 dart slugs
  17 orcs
  8 ball pythons
  8 bats
  4 endoplasms
  3 giant cockroaches
  14 goblins
  5 hobgoblins
  9 jackals
  2 quokkas
  A frilled lizard (D:3)
  13 kobolds
  5 rats
215 creatures vanquished.
